[Event "4NCL 2023-2024"]
[Site "Daventry"]
[Date "2024.05.04"]
[Round "9.33"]
[White "Williams, Simon K"]
[Black "Olson, Hamish"]
[Result "0-1"]
[ECO "A13"]
[WhiteElo "2467"]
[BlackElo "2373"]
[Annotator "TA"]
[PlyCount "50"]
[EventDate "2023.11.11"]
[EventType "team-tourn"]
[EventCountry "ENG"]
[SourceTitle "playchess.com"]
[Source "ChessBase"]
[SourceQuality "1"]
[TimeControl "40/6000+30:3000+30"]

1. Nf3 d5 2. e3 Nf6 3. c4 e6 4. b3 Bd6 5. Bb2 O-O 6. Nc3 a6 7. Be2 b6 8. Qc2 {[%emt 0:02:06] The position is equal.} Bb7 9. g4 Nbd7 (9... Nxg4 $17 {With the idea ...dxc4.} 10. Rg1 Nf6) 10. g5 $11 Ne4 11. cxd5 exd5 12. Nxe4 dxe4 13. Qc3 $1 {[%emt 0:00:05][%csl Gb2][%cal Rc3g7] [#]} f6 (13... exf3 14. Qxg7#) 14. gxf6 $1 Nxf6 (14... exf3 $2 15. Bc4+ Rf7 16. Bxf7+ Kf8 (16... Kxf7 $2 17. Qc4+ Kf8 18. fxg7+ Ke7 19. Qh4+ Ke6 20. Qxh7 $18) 17. Bg8 (17. fxg7+ Kxf7 18. Qc4+ Ke7 $18) 17... Nxf6 (17... Kxg8 $2 18. Qc4+ Kf8 19. fxg7+ Ke7 20. Qh4+ Kf7 21. Qxh7 $18) 18. Bxh7 $18) (14... Rxf6 {looks sharper.} 15. Bc4+ Kf8 16. Ng5 Be5) 15. Nd4 (15. Ne5 $11) 15... Be5 {[%emt 0:10:03] And now ...c5 would win.} 16. Rg1 Kh8 (16... Bxh2 $2 17. Rxg7+ Kxg7 18. Ne6+ Kg6 19. Nxd8 Raxd8 20. Qb4 $18) (16... Nd5 $17 17. Bc4 Qf6 (17... Bxh2 $2 18. Bxd5+ Bxd5 19. Ne6 $18)) 17. Qc2 $15 Qd7 {[%emt 0:02:08][%cal Oc7c5] Inhibits Ne6. aiming for ...c5!} (17... Bxh2 $2 {loses.} 18. Rxg7 Qc8 19. Rg2 $18) 18. Rg5 (18. f4 $142 exf3 19. Nxf3 Bxb2 20. Qxb2) 18... Rae8 $17 {[%emt 0:06:50][%cal Oh7h6] Strongly threatening ...h6!} 19. Ne6 Rxe6 20. Rxe5 Rc6 21. Bc3 Nd5 $40 {[%emt 0:03:32][%mdl 128] Black is out for blood.} (21... Ng4 $19 {is more deadly.} 22. Rg5 Nxf2 (22... Nxh2 23. O-O-O $16)) 22. Qxe4 {[%emt 0:01:24][%mdl 8192] This costs White the game.} (22. Rxe4 $17 {keeps fighting.} Nxc3 23. dxc3) 22... Nxc3 $19 23. dxc3 {[%emt 0:00:15] [#] Black must now prevent Rd1.} Rg6 $1 24. Qxb7 $2 (24. Qd4 $19 Rg1+ 25. Bf1) 24... Rg1+ 25. Bf1 Qd3 {[%emt 0:00:26] Weighted Error Value: White=0.66/Black=0.19 (very precise) .  Loses game:     	White=1     	---        Mistake:       	White=4     	Black=3      Inaccurate:     	White=4     	---        OK:         	White=5     	Black=5      Best:        	---       	Black=4      Strong:       	White=2     	Black=1} 0-1

[Event "4NCL 2023-2024"]
[Site "Daventry"]
[Date "2024.05.04"]
[Round "9.34"]
[White "Waldhausen Gordon, Frederick"]
[Black "Clarke, Brandon G I"]
[Result "1/2-1/2"]
[ECO "D97"]
[WhiteElo "2358"]
[BlackElo "2505"]
[Annotator "TA"]
[PlyCount "48"]
[EventDate "2023.11.11"]
[EventType "team-tourn"]
[EventCountry "ENG"]
[SourceTitle "playchess.com"]
[Source "ChessBase"]
[SourceQuality "1"]
[TimeControl "40/6000+30:3000+30"]

1. d4 Nf6 2. c4 g6 3. Nc3 d5 4. Nf3 Bg7 5. Qb3 dxc4 6. Qxc4 O-O 7. e4 Nc6 8. Be2 e5 9. d5 (9. Nxe5 Nxd4 10. O-O Nxe4 11. Nxe4 Be6 $17 (11... Bxe5 12. Bg5 $17)) 9... Nd4 10. Nxd4 (10. Nxe5 $2 Nc2+ 11. Kd1 Nxa1 $19) 10... exd4 {[%emt 0:00:05] White is slightly better.} 11. Qxd4 c6 12. Qc4 b5 13. Qxc6 Bd7 14. Qd6 Re8 15. e5 (15. Bxb5 Nxe4 16. Qxd7 Nf6+ $15 (16... Nxc3+ $2 17. Qxe8+ Qxe8+ 18. Bxe8 $18) (16... Bxc3+ 17. bxc3 Nf6+ 18. Qxe8+ Nxe8 19. Bc6 $16) (16... Nxc3+ $2 17. Qxe8+ Qxe8+ 18. Bxe8 $18) (16... Bxc3+ 17. bxc3 Nf6+ 18. Qxe8+ Nxe8 19. Bc6 $16)) 15... b4 {[%emt 0:00:16] The position is equal.} 16. Qxb4 (16. exf6 bxc3 17. O-O (17. fxg7 $2 {too greedy.} cxb2 18. Bxb2 Rxe2+ 19. Kf1 Rxb2 $19) 17... cxb2 (17... Bxf6 $2 18. Be3 $19) (17... Qxf6 18. Qxd7 Rxe2 19. bxc3 $16) (17... Rxe2 18. bxc3 Bxf6 19. Qg3 $17) 18. Bxb2 Rxe2 19. fxg7 Rxb2 $19) 16... Rxe5 17. O-O {[%emt 0:01:00] Threatening Bf3.} a5 18. Qh4 Nxd5 19. Qxd8+ Rxd8 20. Nxd5 Rxd5 21. Bf3 Rd3 22. Be2 Rd5 23. Bf3 Rd3 24. Be2 Rd5 {[%emt 0:00:39] Weighted Error Value: White=0.04 (flawless) /Black=0.02 (flawless) .  Inaccurate:     	White=1     	---        OK:         	White=9     	Black=7      Best:        	---       	Black=3} 1/2-1/2

[Event "4NCL 2023-2024"]
[Site "Daventry"]
[Date "2024.05.04"]
[Round "9.35"]
[White "Boswell, Jacob Connor"]
[Black "Gourlay, Iain"]
[Result "1/2-1/2"]
[ECO "D37"]
[WhiteElo "2252"]
[BlackElo "2310"]
[Annotator "TA"]
[PlyCount "74"]
[EventDate "2023.11.11"]
[EventType "team-tourn"]
[EventCountry "ENG"]
[SourceTitle "playchess.com"]
[Source "ChessBase"]
[SourceQuality "1"]
[TimeControl "40/6000+30:3000+30"]

1. d4 d5 2. c4 e6 3. Nf3 Nf6 4. Nc3 Be7 5. Bf4 O-O 6. e3 b6 7. Bd3 Ba6 8. cxd5 Nxd5 9. Nxd5 Qxd5 10. O-O Rc8 11. e4 Qb7 12. Re1 Bxd3 13. Qxd3 Nd7 14. Rad1 Nf6 15. Qc2 c6 16. Bg5 h6 17. Bh4 Rd8 18. a3 Rac8 19. b4 c5 20. bxc5 bxc5 21. Bxf6 Bxf6 22. dxc5 Rxd1 $1 23. Rxd1 {[%emt 0:00:00] [#]} Be7 $1 24. g3 Bxc5 ({Much worse is} 24... Rxc5 $6 25. Qa4 $11) 25. a4 Bb6 26. Qb1 {[%emt 0:01:07] a5 is the strong threat.} Qc6 27. Qb4 {[%emt 0:03:15] [#]} (27. Kg2 $17) 27... Qc4 $1 $19 28. Qe1 (28. Qxc4 {was necessary.} Rxc4 29. e5) 28... Qxa4 {[%emt 0:00:54] White must now prevent ...Rc2.} 29. Qe2 Rc2 30. Rd2 Rxd2 31. Qxd2 Qxe4 {[%emt 0:00:40][%mdl 4096] Endgame. KQB-KQN} 32. Kg2 Qd5 33. Qf4 g5 34. Qg4 (34. Qb8+ $142 Kg7 35. h3) 34... f5 (34... Qc5 $142 35. h4 Qxf2+ 36. Kh1 Qf1+ 37. Kh2 Qe2+ 38. Kh1 Bd8) 35. Qh5 g4 $2 (35... Kg7 $19 {( -> ...g4)} 36. Qe8 Bc5) 36. Qe8+ $1 $11 Kg7 37. Qe7+ Kg8 {[%emt 0:01:31] Weighted Error Value: White=0.45/Black=0.46.  Mistake:       	White=3     	Black=1      Inaccurate:     	White=6     	Black=1      OK:         	White=4     	Black=14     Best:        	White=2     	Black=2      Strong:       	White=1     	Black=2} (37... Kg6 $5 38. Qe8+ $8 Kg7 39. Qe7+ Kg6 40. Qe8+ Kf6 41. Qf8+ Kg6 42. Qg8+ Kf6 43. Qf8+ Kg6 44. Qg8+ Kf6 45. Qf8+ $11) 1/2-1/2

[Event "4NCL 2023-2024"]
[Site "Daventry"]
[Date "2024.05.04"]
[Round "9.36"]
[White "Berry, Neil"]
[Black "Kirk, Ezra"]
[Result "0-1"]
[ECO "E63"]
[WhiteElo "2260"]
[BlackElo "2393"]
[Annotator "TA"]
[PlyCount "84"]
[EventDate "2023.11.11"]
[EventType "team-tourn"]
[EventCountry "ENG"]
[SourceTitle "playchess.com"]
[Source "ChessBase"]
[SourceQuality "1"]
[TimeControl "40/6000+30:3000+30"]

1. d4 Nf6 2. c4 g6 3. Nf3 Bg7 4. g3 O-O 5. Bg2 d6 6. Nc3 Nc6 7. d5 Na5 8. b3 c5 9. Bb2 a6 10. O-O Rb8 11. Nd2 b5 12. Qc1 bxc4 13. bxc4 {[%emt 0:02:49] White is slightly better.} e6 14. Rb1 Re8 15. e3 Ng4 16. Ba1 (16. Qc2 $16) 16... Rxb1 $11 17. Qxb1 Ne5 18. Rd1 Naxc4 19. Nxc4 Nxc4 20. dxe6 Bxe6 21. Ne4 Qe7 22. Bxg7 Kxg7 23. Qa1+ f6 24. Nc3 Ne5 25. Nd5 Bxd5 26. Bxd5 Rb8 27. Qc3 Rb6 28. h4 (28. f4 $11 Ng4 29. e4) 28... Qd7 $17 29. Qa5 Qb5 30. Qd2 Qa4 31. Kg2 Qa3 {[%emt 0:02:09] Hoping for ...Rb2. Black is more active.} 32. Be4 $2 {[%emt 0:00:56][%mdl 8192] [#] Now White is beyond hope.} (32. Be6 $17 {is more resistant.}) 32... Rb2 $1 $19 {[%emt 0:01:37] Black is clearly winning.} 33. Qe1 ({Don't play} 33. Qxd6 Qxe3 34. Qe7+ Nf7) (33. Qd5 $142 Qxe3 34. Qb7+ Rxb7 35. fxe3 Rb2+ 36. Kg1) 33... Ng4 34. Rxd6 Nxf2 35. Rd7+ Kh6 36. Qxf2 Rxf2+ 37. Kxf2 Qxa2+ {[%emt 0:00:50] KQ-KRB} 38. Kf3 Qa1 39. Kf2 {[%emt 0:01:02] Prevents Qf1+.} Qe5 40. Bf3 a5 41. Rd5 Qb2+ 42. Kg1 a4 {[%emt 0:05:22] Weighted Error Value: White=0.89/Black=0.25 (precise) .  Loses game:     	White=1     	---        Mistake:       	White=3     	---        Inaccurate:     	White=2     	Black=3      OK:         	White=6     	Black=5      Best:        	---       	Black=3      Strong:       	---       	Black=1} 0-1

[Event "4NCL 2023-2024"]
[Site "Daventry"]
[Date "2024.05.04"]
[Round "9.37"]
[White "Pert, Richard G"]
[Black "Shafi, Declan"]
[Result "1-0"]
[ECO "D87"]
[WhiteElo "2413"]
[BlackElo "2226"]
[Annotator "TA"]
[PlyCount "127"]
[EventDate "2023.11.11"]
[EventType "team-tourn"]
[EventCountry "ENG"]
[SourceTitle "playchess.com"]
[Source "ChessBase"]
[SourceQuality "1"]
[TimeControl "40/6000+30:3000+30"]

1. d4 Nf6 2. c4 g6 3. Nc3 d5 4. cxd5 Nxd5 5. e4 Nxc3 6. bxc3 Bg7 7. Bc4 c5 8. Ne2 O-O 9. O-O Nc6 10. Be3 Bg4 11. f3 Bd7 12. Rb1 Qc7 13. Bd3 Rfd8 14. Qd2 Be8 15. d5 {[%emt 0:02:35][%cal Of3f4] White is slightly better.} ({Don't play} 15. dxc5 Ne5 16. Nd4 b6 17. cxb6 axb6 $11) 15... Ne5 16. c4 Rac8 17. Rfc1 e6 18. Nf4 Qe7 19. Bf1 Nc6 20. Ne2 e5 21. Qb2 {[%emt 0:01:35] White stays focused until the end.} Nd4 (21... Na5 $16) 22. Qxb7 $18 Rc7 23. Qa6 f5 24. Qa5 Rdc8 25. Rb2 Qh4 26. Qe1 Qf6 27. Rcb1 f4 28. Bf2 g5 29. Nxd4 exd4 {[%emt 0:00:51] [#]} (29... cxd4 {is a better defense.} 30. h4 h6) 30. e5 $1 Qf5 (30... Qf8 31. Bd3) 31. e6 {[%emt 0:00:22] Black must now prevent d6.} Bf8 32. Rb3 Bd6 33. Bd3 Qf6 34. h3 {[%emt 0:01:43] Black is weak on the light squares} Kg7 35. R1b2 Qd8 36. Qb1 h6 37. Qe1 Qf6 38. Rb7 Bg6 39. Qb1 Bxd3 40. Qxd3 Rxb7 41. Rxb7+ Rc7 42. Rxc7+ Bxc7 {[%emt 0:00:00][%mdl 4096] Endgame. KQB-KQB} 43. Qa3 Bb6 44. Qa4 {[%emt 0:00:00] Strongly threatening Qd7+.} Qe7 45. Be1 Qd8 46. Qc6 {[%emt 0:00:00] d6 is the strong threat.} Qe7 47. Bd2 Kf6 48. Qa8 Qd8 49. Qb7 Qc7 50. Qa8 Qd8 51. Qc6 Qe7 $1 52. Kf1 Bd8 53. Ke2 Bb6 54. a4 Bd8 55. a5 Bc7 (55... h5 $142 56. a6 h4) 56. a6 Bb6 57. Qb7 Qc7 {[%emt 0:00:00] [#]} 58. d6 $1 {[%emt 0:00:00][%mdl 512] Prevents Qe7} Qg7 59. e7 Qg8 60. Qe4 {[%emt 0:08:30] Active counter play!} Qe8 {[%emt 0:00:00] [#]} 61. h4 $1 gxh4 (61... Bd8 62. Qa8) 62. Bxf4 {[%emt 0:00:21] White mates.} Kf7 63. Qf5+ Kg7 64. Bxh6+ {[%emt 0:02:36] Weighted Error Value: White=0.22 (precise) /Black=0.31.  Mistake:       	---       	Black=3      Inaccurate:     	---       	Black=3      OK:         	White=25    	Black=15     Best:        	White=1     	Black=1      Strong:       	---       	Black=1      Brilliant:      	White=1     	---} 1-0

[Event "4NCL 2023-2024"]
[Site "Daventry"]
[Date "2024.05.04"]
[Round "9.38"]
[White "McKay, Roderick M"]
[Black "Arkell, Keith C"]
[Result "0-1"]
[ECO "D94"]
[WhiteElo "2181"]
[BlackElo "2377"]
[Annotator "TA"]
[PlyCount "54"]
[EventDate "2023.11.11"]
[EventType "team-tourn"]
[EventCountry "ENG"]
[SourceTitle "playchess.com"]
[Source "ChessBase"]
[SourceQuality "1"]
[TimeControl "40/6000+30:3000+30"]

1. e4 c6 2. d4 d5 3. exd5 cxd5 4. c4 Nf6 5. Nc3 g6 6. cxd5 Nxd5 7. Bc4 Nb6 8. Bb3 Bg7 9. Nf3 O-O 10. O-O Bg4 11. h3 Bxf3 12. Qxf3 Nc6 13. Rd1 Nxd4 {[%emt 0:01:30] The position is equal.} 14. Qxb7 Qd7 (14... e5 {looks sharper.} 15. Ne4 h6 16. Qa6 Qc8) 15. Qxd7 Nxd7 {[%emt 0:02:33] Excellent horsemanship.} 16. Be3 Nxb3 17. axb3 Nb6 {[%emt 0:00:45] Black is weak on the light squares} 18. Ra2 Rfb8 19. Nb5 e6 20. Nc7 (20. Nxa7 Nd5 21. Nc6 Rxa2 $15 (21... Rxb3 22. Rxa8+ Bf8 23. Bh6)) 20... Rd8 21. Rc1 Rab8 22. Rxa7 Bxb2 23. Rc6 (23. Rb1 $11 {keeps the balance.} Bd4 24. Bxd4 Rxd4 25. b4) 23... Nc8 $17 24. Ra5 Ne7 $1 ({Much weaker is} 24... Rxb3 25. Ra8 Ra3 26. Rb8 $11) 25. Rb6 (25. Rc4 $17) 25... Rbc8 $19 26. Rb7 Rd1+ 27. Kh2 Rd7 {[%emt 0:00:08] Weighted Error Value: White=0.18 (very precise) /Black=0.06 (flawless) .  Mistake:       	White=2     	---        Inaccurate:     	White=1     	Black=1      OK:         	White=7     	Black=7      Best:        	---       	Black=2      Strong:       	---       	Black=1} 0-1

[Event "4NCL 2023-2024"]
[Site "Daventry"]
[Date "2024.05.04"]
[Round "9.39"]
[White "Eggleston, David J"]
[Black "Vijayakumar, Rishi"]
[Result "1/2-1/2"]
[ECO "C78"]
[WhiteElo "2334"]
[BlackElo "2197"]
[Annotator "TA"]
[PlyCount "88"]
[EventDate "2023.11.11"]
[EventType "team-tourn"]
[EventCountry "ENG"]
[SourceTitle "playchess.com"]
[Source "ChessBase"]
[SourceQuality "1"]
[TimeControl "40/6000+30:3000+30"]

1. e4 e5 2. Nf3 Nc6 3. Bb5 a6 4. Ba4 Nf6 5. O-O b5 6. Bb3 Bc5 7. a4 Rb8 8. axb5 axb5 {[%emt 0:00:03] [#]} 9. Nxe5 $1 Nxe5 10. d4 Bxd4 11. Qxd4 {[%emt 0:00:07] White has an edge.} d6 12. f4 Nc6 13. Qc3 {[%emt 0:00:08] [#] Strongly threatening e5.} Ne7 14. Qd3 O-O 15. Nc3 c5 16. Nxb5 Nxe4 17. Qxe4 Rxb5 18. Qd3 Rb4 19. Bd2 Rd4 20. Qe2 {[%emt 0:00:35] Ba5 is the strong threat.} Bb7 21. c3 Re4 22. Qf2 Nd5 23. Bc2 Re7 24. b4 cxb4 25. cxb4 Nf6 26. Bc3 {[%emt 0:10:48] Hoping for Bxf6. This pair of bishops is nice.} Ne4 27. Bxe4 Rxe4 28. Rfe1 Rxe1+ 29. Rxe1 Re8 30. Rxe8+ Qxe8 $11 {[%emt 0:00:03][%mdl 4096] Endgame. KQB-KQB} 31. Qg3 Qf8 32. b5 f6 33. Qe3 Qc8 34. h3 Kf7 35. Kh2 Qc4 36. b6 Qc6 37. Qf3 Qxf3 38. gxf3 Bxf3 {[%emt 0:00:22] KB-KB} 39. Kg3 Bb7 40. f5 Ke7 41. h4 h5 42. Kf4 {[%emt 0:00:00] The position is equal.} Kd7 43. Bb4 Kc6 44. Ba3 Kd5 {[%emt 0:00:15] Weighted Error Value: White=0.02 (flawless) /Black=0.01 (flawless) .  OK:         	White=13    	Black=25     Best:        	White=2     	Black=1} 1/2-1/2

[Event "4NCL 2023-2024"]
[Site "Daventry"]
[Date "2024.05.04"]
[Round "9.40"]
[White "Cooke, Suzie G."]
[Black "Steil-Antoni, Fiona"]
[Result "0-1"]
[ECO "B07"]
[WhiteElo "1955"]
[BlackElo "2106"]
[Annotator "RC"]
[PlyCount "112"]
[EventDate "2023.11.11"]
[EventType "team-tourn"]
[EventCountry "ENG"]
[SourceTitle "playchess.com"]
[Source "ChessBase"]
[SourceQuality "1"]
[TimeControl "40/6000+30:3000+30"]

1. d4 d6 2. Nc3 Nf6 3. e4 Nbd7 4. g4 h6 5. h3 e5 6. Nge2 c6 7. Be3 b5 8. d5 c5 9. Ng3 a6 10. a4 b4 11. Nb1 a5 12. c4 g6 13. Nd2 h5 14. g5 h4 15. gxf6 hxg3 16. fxg3 Nxf6 17. Bg2 Nh5 18. Qf3 Be7 19. O-O Rh7 20. g4 Nf6 21. Rf2 Bd7 22. b3 Ng8 23. Nf1 Bh4 24. Re2 Qe7 25. Bf2 O-O-O 26. Bxh4 Qxh4 27. Qg3 Qg5 28. Rf2 Rf8 29. Qe3 Qe7 30. Qd3 Nh6 31. Ne3 Qh4 32. Rf3 f5 33. exf5 gxf5 34. Nxf5 Nxf5 35. Qf1 Rhf7 36. gxf5 Rxf5 37. Rxf5 Rxf5 38. Qe1 Qd4+ 39. Kh1 Rf2 40. Rb1 Kc7 41. Rd1 Qf4 42. Rd3 Bf5 43. Re3 Kb6 44. Kg1 Rb2 45. Qg3 Qxg3 46. Rxg3 Bc2 47. h4 Rxb3 48. Rxb3 Bxb3 49. Be4 Bd1 50. Bg6 b3 51. h5 Bc2 52. Kf2 e4 53. Ke3 b2 54. h6 b1=Q 55. h7 Qc1+ 56. Ke2 Qh6 0-1

[Event "4NCL 2023-2024"]
[Site "Daventry"]
[Date "2024.05.04"]
[Round "9.41"]
[White "Claridge-Hansen, William"]
[Black "Cherniaev, Alexander"]
[Result "1-0"]
[ECO "A44"]
[WhiteElo "2360"]
[BlackElo "2363"]
[Annotator "TA"]
[PlyCount "91"]
[EventDate "2023.11.11"]
[EventType "team-tourn"]
[EventCountry "ENG"]
[SourceTitle "playchess.com"]
[Source "ChessBase"]
[SourceQuality "1"]
[TimeControl "40/6000+30:3000+30"]

1. d4 c5 2. d5 e5 3. e4 d6 4. Bb5+ Nd7 5. a4 Be7 6. Nf3 Ngf6 7. Nc3 O-O 8. h3 {[%emt 0:07:16] White is slightly better.} Ne8 9. O-O {[%emt 0:04:10] Black is weak on the light squares} Kh8 10. Bd3 Ndf6 11. Kh2 g6 12. Bh6 Ng7 $1 13. Nd2 Ng8 14. Be3 f5 15. exf5 gxf5 16. f4 $36 {[%emt 0:00:54][%mdl 2048] White is pushing.} e4 17. Be2 Bf6 18. Nc4 Bxc3 (18... b6 $14) 19. bxc3 $16 Nf6 20. Bc1 h5 21. g3 Kg8 22. Ne3 Kf7 23. c4 Rh8 24. Bb2 Bd7 25. Bc3 Qc7 26. Rg1 Rh6 27. Ra3 Rah8 28. Qa1 Bc8 29. Rb3 Qe7 30. Be1 {[%emt 0:03:56] White is much more active.} Rg6 31. Rg2 (31. Ng2 $142) 31... Rg8 32. Bf2 Nge8 33. Kg1 (33. Qd1 $16) 33... Kf8 $14 34. Qd1 Qh7 35. Qf1 (35. Kh1 $14) 35... R6g7 ({Better is} 35... h4 $11 36. gxh4 Nh5) 36. Be1 Qh6 37. Qf2 h4 38. gxh4 Rxg2+ 39. Nxg2 Nh5 40. Bxh5 Qxh5 41. Rg3 {[%emt 0:04:16] Against Qg6} Rxg3 42. Qxg3 {[%emt 0:00:34] [#] Hoping for Qg5.} Bd7 (42... Nf6 $16) 43. a5 (43. Qg5 $18 {and the rest is easy.} Qxg5 44. fxg5) 43... Nf6 44. Bc3 Qd1+ $2 (44... Qf3 $16 45. Qxf3 exf3) 45. Kh2 $18 Nh5 46. Qg6 {[%emt 0:01:58] Weighted Error Value: White=0.15 (very precise) /Black=0.14 (very precise) .  Loses game:     	---       	Black=1      Mistake:       	White=4     	Black=3      Inaccurate:     	White=2     	Black=3      OK:         	White=12    	Black=10     Best:        	White=4     	Black=4      Strong:       	---       	Black=1} 1-0

[Event "4NCL 2023-2024"]
[Site "Daventry"]
[Date "2024.05.04"]
[Round "9.42"]
[White "Macak, Stefan"]
[Black "Macfarlane, Donald"]
[Result "1/2-1/2"]
[ECO "B48"]
[WhiteElo "2330"]
[BlackElo "2184"]
[Annotator "ChessBase"]
[PlyCount "61"]
[EventDate "2023.11.11"]
[EventType "team-tourn"]
[EventCountry "ENG"]
[SourceTitle "playchess.com"]
[Source "ChessBase"]
[SourceQuality "1"]
[TimeControl "40/6000+30:3000+30"]

1. e4 c5 2. Nf3 e6 3. d4 cxd4 4. Nxd4 Nc6 5. Nc3 Qc7 6. Be3 a6 7. Qd2 b5 8. Nxc6 Qxc6 9. O-O-O Bc5 10. Be2 b4 11. Bxc5 Qxc5 12. Na4 Qa5 13. b3 Nf6 14. Bf3 O-O 15. Qd6 Bb7 16. Qc5 Qxc5 17. Nxc5 Bc6 18. e5 Bxf3 19. gxf3 Nd5 20. Nxd7 Rfd8 21. Nc5 Rdc8 22. Ne4 a5 23. Rd2 a4 24. Kb1 Kf8 25. Rc1 Rc6 26. Nd6 Rca6 27. Ne4 Rc6 28. Nd6 Ke7 29. Nf5+ Kf8 30. Nd4 Rca6 31. Ne2 1/2-1/2

[Event "4NCL 2023-2024"]
[Site "Daventry"]
[Date "2024.05.04"]
[Round "9.43"]
[White "Zakarian, David"]
[Black "Rocco, Federico"]
[Result "1-0"]
[ECO "B51"]
[WhiteElo "2293"]
[BlackElo "2163"]
[Annotator "NA"]
[PlyCount "79"]
[EventDate "2023.11.11"]
[EventType "team-tourn"]
[EventCountry "ENG"]
[SourceTitle "playchess.com"]
[Source "ChessBase"]
[SourceQuality "1"]
[TimeControl "40/6000+30:3000+30"]

1. e4 c5 2. Nf3 d6 3. Bb5+ Nd7 4. Ba4 Ngf6 5. O-O e5 6. c3 Be7 7. d4 Qc7 8. dxe5 dxe5 9. Bg5 O-O 10. Qe2 Nb6 11. Bc2 Be6 12. Nbd2 c4 13. Rfd1 Rfd8 14. Nf1 h6 15. Bh4 Nh5 16. Bxe7 Nf4 17. Qe3 Qxe7 18. a4 Qc7 19. Nh4 Rxd1 20. Rxd1 Rd8 21. Rxd8+ Qxd8 22. g3 Nd3 23. a5 Nc8 24. b4 cxb3 25. Qxd3 Qxa5 26. Bb1 Qc5 27. Nd2 a5 28. Nf5 a4 29. c4 Kh7 30. Kg2 b5 31. cxb5 Qb4 32. Ne3 Nd6 33. h4 Kg8 34. Nd5 Qc5 35. b6 Bxd5 36. Qxd5 Qxb6 37. Qa8+ Kh7 38. Qxa4 b2 39. Qb3 Qd4 40. Nf3 1-0

[Event "4NCL 2023-2024"]
[Site "Daventry"]
[Date "2024.05.04"]
[Round "9.44"]
[White "Villiers, Thomas"]
[Black "Hobson, Kenneth"]
[Result "0-1"]
[ECO "C34"]
[WhiteElo "2232"]
[BlackElo "2190"]
[Annotator "NA RC"]
[PlyCount "106"]
[EventDate "2023.11.11"]
[EventType "team-tourn"]
[EventCountry "ENG"]
[SourceTitle "playchess.com"]
[Source "ChessBase"]
[SourceQuality "1"]
[TimeControl "40/6000+30:3000+30"]

1. e4 e5 2. f4 exf4 3. Nf3 Nf6 4. e5 Nh5 5. d4 d6 6. Bc4 d5 7. Bd3 g5 8. O-O Nc6 9. Bb5 Be6 10. c4 g4 11. Nc3 a6 12. Ba4 dxc4 13. d5 Bc5+ 14. Kh1 gxf3 15. Qxf3 Qh4 16. Bxf4 Bg4 17. Qe4 b5 18. Bc2 Nd4 19. d6 c6 20. e6 fxe6 21. Qe5 O-O 22. g3 Bf3+ 23. Rxf3 Qxh2+ 24. Kxh2 Nxf3+ 25. Kh3 Nxf4+ 26. Qxf4 Rxf4 27. gxf4 Nd4 28. Rg1+ Kf7 29. Ne4 Bxd6 30. Nxd6+ Ke7 31. Ne4 Nxc2 32. Rg7+ Kf8 33. Rxh7 Re8 34. Nf6 Re7 35. Nd7+ Ke8 36. Nf6+ Kd8 37. Rh8+ Kc7 38. Kg4 Nb4 39. a3 Nd3 40. Rh2 Rg7+ 41. Kf3 Rf7 42. Nh5 Nxf4 43. Nxf4 e5 44. Ke4 exf4 45. Kf3 Rf6 46. Re2 Kb6 47. Re8 Ka5 48. Ra8 Rd6 49. Kxf4 Rd2 50. Rc8 Rxb2 51. Rxc6 Ra2 52. Ke3 Rxa3+ 53. Kd4 Kb4 0-1

[Event "4NCL 2023-2024"]
[Site "Daventry"]
[Date "2024.05.04"]
[Round "9.45"]
[White "Khoury, Theo"]
[Black "Badacsonyi, Stanley"]
[Result "0-1"]
[ECO "C11"]
[WhiteElo "2071"]
[BlackElo "2156"]
[Annotator "NA"]
[PlyCount "90"]
[EventDate "2023.11.11"]
[EventType "team-tourn"]
[EventCountry "ENG"]
[SourceTitle "playchess.com"]
[Source "ChessBase"]
[SourceQuality "1"]
[TimeControl "40/6000+30:3000+30"]

1. e4 e6 2. d4 d5 3. Nc3 Nf6 4. e5 Nfd7 5. f4 c5 6. Nf3 Nc6 7. Be3 Be7 8. Qd2 a6 9. dxc5 Bxc5 10. O-O-O Qb6 11. Bxc5 Nxc5 12. g4 Bd7 13. Bg2 O-O-O 14. Nd4 Kb8 15. Nxc6+ bxc6 16. Qd4 Ka7 17. Rhf1 Nb7 18. Qxb6+ Kxb6 19. f5 h5 20. fxe6 Bxe6 21. g5 h4 22. Bf3 Nc5 23. Rd4 Nd7 24. Re1 Rde8 25. Rf4 g6 26. Ne2 Nxe5 27. Nd4 Bd7 28. Kd1 c5 29. Rf6+ Kc7 30. Ne2 Nxf3 31. Rxf3 Bf5 32. Kd2 Kd6 33. Ra3 Ra8 34. Nf4 a5 35. Rae3 h3 36. c4 Rab8 37. b3 dxc4 38. Kc3 cxb3 39. axb3 Rh4 40. Rd1+ Kc6 41. Nd5 Be6 42. Ne7+ Kc7 43. Nd5+ Kb7 44. Nf6 Kc6 45. Kc2 Rhb4 0-1